 Dungeon Sprint DCSS version 0.28.0-45-g0d030f2227 (webtiles) character file.

Game seed: 1907425129834169580

1745 McKennaii the Fighter (level 8, -6/81 HPs)
             Began as a Demigod Fighter on Apr 18, 2022.
             Shot with a bolt by a yaktaur (16 damage)
             ... in the Dungeon (Sprint II: "The Violet Keep of Menkaure").
             The game lasted 00:04:34 (1293 turns).

McKennaii the Fighter (Demigod Fighter)             Turns: 1293, Time: 00:04:34

Health: -6/81      AC: 12    Str: 32    XL:     8   Next: 48%
Magic:  10/10      EV: 10    Int: 12    God:
Gold:   219        SH:  5    Dex: 13    Spells: 7/7 levels left

rFire   . . .      SeeInvis .   i - +6 spear of Wu Jian's Hatred {vorpal, *Noise rElec rC+++ Str+2}
rCold   + + +      Faith    .   c - +0 buckler
rNeg    . . .      Spirit   .   b - +0 scale mail
rPois   .          Reflect  .   (no helmet)
rElec   +          Harm     .   (no cloak)
rCorr   .          Rampage  .   (no gloves)
Will    .....      NoTele   +   (no boots)
Stlth   ..........              (no amulet)
HPRegen 0.23/turn               f - ring of Orhatem {AC+4 Str+5 Int+2}
MPRegen 0.12/turn               (no ring)

@: slowed, very slow
A: high MP 1, forlorn, divine attributes
a: no special abilities


You were in the Dungeon.
You visited 1 branch You collected 972 gold pieces.
You spent 753 gold pieces at shops.

Inventory:

Hand Weapons
 i - the +6 spear of Wu Jian's Hatred (weapon) {vorpal, *Noise rElec rC+++ Str+2}
   (You bought it in a shop in the Dungeon)

   It inflicts extra damage upon your enemies.
   Str:       It affects your strength (+2).
   rC:        It renders you almost immune to cold.
   rElec:     It insulates you from electricity.
   *Noise:    It may make noises in combat.
Armour
 b - a +0 scale mail (worn)
 c - a +0 buckler (worn)
Jewellery
 f - the ring of Orhatem (left hand) {AC+4 Str+5 Int+2}
   (You bought it in a shop in the Dungeon)

   [ring of protection]

   AC:        It affects your AC (+4).
   Str:       It affects your strength (+5).
   Int:       It affects your intelligence (+2).
Scrolls
 a - a scroll of brand weapon {unknown}
 j - a scroll of blinking
Potions
 d - a potion of might
 e - a potion of curing
 g - a potion of haste
 h - 2 potions of magic


   Skills:
 + Level 10.9 Fighting
 + Level 10.6 Polearms
 + Level 10.8 Armour
 + Level 3.3 Shields


You had 7 spell levels left.
You didn't know any spells.
Your spell library was empty.

Dungeon Overview and Level Annotations

Branches:
Dungeon (1/1)

Shops:
D =:!?![!=([:=[[[

Annotations:
D exclusion: oklob plant


Innate Abilities, Weirdness & Mutations

You have an increased reservoir of magic. (+10% MP)
You shall have no god before yourself.
Your divine heritage dramatically boosts your attributes as you level up.


Message History

Unknown command.
You hit the polar bear.
You kill the polar bear!
The hornet stings you but does no damage.
The hornet closely misses you.
Your Shields skill increases to level 3!
Unknown command.
Okay, then.
Okay, then.
You hit the hornet.
The hornet is heavily wounded.
You feel yourself speed up. The hornet closely misses you.
Unknown command.
You barely miss the hornet.
The hornet is heavily wounded.
The hornet closely misses you.
Unknown command.
You hit the hornet.
The hornet is heavily wounded.
The hornet stings you but does no damage.
You hit the hornet but do no damage.
The hornet is heavily wounded.
You hit the hornet.
The hornet is heavily wounded.
The hornet stings you but does no damage.
You hit the hornet.
The hornet is severely wounded.
The hornet stings you!
* * * LOW HITPOINT WARNING * * *
You feel yourself slow down.
You hit the hornet.
The hornet is almost dead.
The hornet closely misses you.
The yaktaur is engulfed in a cloud of scalding steam.
The hornet barely misses you.
You hit the hornet.
You kill the hornet!
The yaktaur wields a +0 arbalest.
The yaktaur shoots a bolt.
The bolt hits you!
You die...

.#..# ...# ^^.#
.#.####..## #..# .#
#'###.##..# +^^# .# )
#.##.#.#..# #..# .# $(
.<.'###†..####..##.# )!?
#.##.#.#....###.§.##▓▓▓▓
#'###.##.....§≈≈hc≈≈≈≈≈≈
.).####≈≈....§≈#†#######
.#..#≈≈§≈≈≈§§.≈#@._._._.
...##≈≈≈≈§§≈≈.≈#._._._..
#+##≈≈≈≈≈§≈≈≈≈≈#_._._._.
≈ ≈≈≈≈≈≈≈§≈≈≈≈≈#._._._._
+#+++#≈§≈§≈≈§≈≈#.._._._.
§ ##§≈≈###≈≈#..._._._
#≈≈#...._._.
#≈§#....._._


You could see a polar bear and a yaktaur.

Vanquished Creatures
  A merfolk siren (D)
  2 polar bears (D)
  A hornet (D)
  2 wyverns (D)
  2 water moccasins (D)
  4 necrophages (D)
  4 scorpions (D)
  A hell rat (D)
17 creatures vanquished.

Vanquished Creatures (others)
  Menkaure (D)
1 creature vanquished.

Grand Total: 18 creatures vanquished

Notes
Turn   | Place    | Note
-------+----------+-------------------------------------------
     0 | D        | McKennaii the Demigod Fighter began the quest for the Orb.
     0 | D        | Reached XP level 1. HP: 18/18 MP: 3/3
     1 | D        | Noticed a necrophage
     1 | D        | Noticed a necrophage
     1 | D        | Noticed a necrophage
     1 | D        | Noticed a necrophage
    17 | D        | Killed a necrophage
    18 | D        | Reached skill level 5 in Fighting
    18 | D        | Reached skill level 5 in Armour
    18 | D        | Reached XP level 2. HP: 24/29 MP: 4/4
    18 | D        | Reached XP level 3. HP: 30/36 MP: 5/5
    18 | D        | Reached XP level 4. HP: 35/42 MP: 6/6
    27 | D        | Killed a necrophage
    28 | D        | Reached skill level 5 in Polearms
    28 | D        | Reached XP level 5. HP: 40/51 MP: 7/7
    32 | D        | Killed a necrophage
    40 | D        | Killed a necrophage
    41 | D        | Reached XP level 6. HP: 29/61 MP: 8/8
    44 | D        | Killed Menkaure
   399 | D        | Noticed a merfolk siren
   425 | D        | Killed a merfolk siren
   426 | D        | Reached XP level 7. HP: 37/70 MP: 9/9
   582 | D        | Noticed a wyvern
   582 | D        | Noticed a wyvern
   603 | D        | Killed a wyvern
   604 | D        | HP: 2/106 [wyvern (11)]
   605 | D        | Killed a wyvern
   606 | D        | Reached skill level 10 in Fighting
   606 | D        | Reached skill level 10 in Armour
   939 | D        | Found Qasem's Antique Armour Shop.
   939 | D        | Found Zuelaufybapp's Jewellery Boutique.
   939 | D        | Found Raiwnauv's Armour Boutique.
   939 | D        | Found Zocs's Book Shop.
   940 | D        | Found Uwusesea's Antique Armour Shop.
   940 | D        | Found Detel's Antique Weapon Boutique.
   940 | D        | Found Apimiul's Jewellery Shop.
   940 | D        | Found Isommydgh's Distillery.
   941 | D        | Found Qaesaor's Distillery.
   941 | D        | Noticed a fire dragon
   942 | D        | Found Ymiropus's Antique Armour Shop.
   942 | D        | Found Uhudghy's Antique Armour Boutique.
   942 | D        | Noticed a manticore
   943 | D        | Found Vihe Doti's Magic Scroll Boutique.
   943 | D        | Found Cudoekad's Distillery.
   943 | D        | Noticed an oklob plant
   943 | D        | Noticed a manticore
   944 | D        | Found Jufuxzue's Jewellery Boutique.
   944 | D        | Found Yppown's Book Shoppe.
   944 | D        | Noticed a manticore
   954 | D        | Reached skill level 10 in Polearms
   954 | D        | Reached XP level 8. HP: 45/79 MP: 10/10
   972 | D        | Bought the ring of Orhatem {AC+4 Str+5 Int+2} for 577 gold
                  | pieces
   988 | D        | Bought a blackened spear for 176 gold pieces
   988 | D        | Identified the +6 spear of Wu Jian's Hatred {vorpal, *Noise
                  | rElec rC+++ Str+2} (You bought it in a shop in the Dungeon)
  1209 | D        | Noticed a polar bear
  1230 | D        | Killed a polar bear
  1271 | D        | Noticed a hornet
  1271 | D        | Noticed a polar bear
  1271 | D        | Noticed a polar bear
  1272 | D        | Noticed a yaktaur
  1285 | D        | Killed a polar bear
  1293 | D        | Killed a hornet
  1293 | D        | Shot with a bolt by a yaktaur

Illustrated notes

Levels and vault maps discovered:
D:        the_violet_keep_of_menkaure [sprint2_stairs_cluster_1,
          sprint2_shoproom, sprint2_temple, sprint2_basic_supplies,
          sprint2_obstacle_4, sprint2_obstacle_7, sprint2_obstacle_5,
          sprint2_obstacle_2, sprint2_obstacle_6, sprint2_timed_cluster_1,
          sprint2_smallroom_cluster_1, sprint2_smallroom_final_cluster_1,
          sprint2_transparent_cluster_1, sprint2_second_timed_cluster_1,
          sprint2_sniper_area_1, sprint2_heavy_combat_area_1,
          sprint2_mutation_trap_area_1, sprint2_forest_area_1,
          sprint2_light_combat_area_1, sprint2_behind_water_1,
          sprint2_near_end_vault_1]

Skill      XL: |  1  2  3  4  5  6  7  8 |
---------------+-------------------------+-----
Fighting       | 5 6 7 9 10 | 10.9
Polearms       | 4 5 7 9 10 | 10.6
Armour         | 5 6 7 9 10 | 10.8
Shields        | 3 |  3.3

Action                   |  1- 3 |  4- 6 |  7- 9 || total
-------------------------+-------+-------+-------++-------
Melee: Trident           |    16 |    79 |    29 ||   124
       Spear             |       |       |    37 ||    37
  Use: Potion            |       |       |     2 ||     2
Armor: Scale mail        |     4 |    12 |    29 ||    45
Dodge: Dodged            |     8 |    18 |    27 ||    53
Block: Buckler           |     3 |     9 |    13 ||    25
